Map: Automaton LE

Players

goblin

  • Race: Protoss Protoss
  • Spawn Location: 3:00

Reynor - Winner!

  • Race: Zerg Zerg
  • Spawn Location: 9:00

Event: 2019 WCS Spring

VOD

Have the link to the VOD?

Description

Time

  • Played on: May 19, 2019, 9:51 a.m.
  • Length: 7:14

All games in this series

Show
View Real Time Build Order
Export as new Build Order

goblin Protoss 

Build Orders: 1 Gate Expand 

Get SALT Encoding   

  12  0:00  Probe  
  13  0:12  Probe  
  14  0:19  Pylon  
  14  0:24  Probe  
  15  0:33  Probe  
  15  0:38  Gateway  
  15  0:41  Probe  
  16  0:48  Assimilator  
  17  0:51  Probe  
  18  1:04  Probe  
  19  1:20  Nexus  
  19  1:23  Probe  
  20  1:33  Cybernetics Core  
  20  1:37  Probe  
  21  1:42  Assimilator  
  21  1:49  Probe  
  21  1:53  Pylon  
  22  1:59  Probe  
  23  2:02  Stalker  
  23  2:08  Probe  
  26  2:15  Robotics Facility  
  26  2:16  Probe  
  27  2:27  Probe  
  27  2:29  Probe  
  28  2:32  Sentry  
  31  2:37  Probe  
  31  2:39  Probe  
  33  2:47  Probe  
  34  2:51  Probe  
  34  2:53  Immortal  
  35  2:59  Probe  
  35  3:04  Probe  
  41  3:08  Pylon  
  41  3:14  Twilight Council  
  41  3:16  Probe x2  
  43  3:20  Warp Gate  
  43  3:23  Warp Prism  
  43  3:25  Gateway  
  43  3:28  Probe  
  46  3:40  Probe  
  46  3:41  Probe, Adept  
  50  3:51  Pylon  
  50  3:52  Resonating Glaives, Immortal  
  54  4:16  Gateway  
  54  4:17  Gateway  
  54  4:18  Gateway  
  54  4:20  Immortal  
  54  4:30  Gateway  
  54  4:37  Gateway  
  58  4:39  Gateway  
  58  4:45  Pylon  
  58  5:03  Pylon  
  58  5:09  Pylon  
  58  5:12  Adept x4  
  66  5:15  Pylon  
  66  5:29  Pylon  
  66  5:36  Adept x2  
  66  5:37  Adept x6  
  56  6:12  Adept x6  
  56  6:13  Adept x2  
  60  6:31  Adept x3  
  66  6:32  Adept  
  66  6:33  Adept x4  
  76  6:48  Adept x3  
  80  7:11  Adept x6  
Show
View Real Time Build Order
Export as new Build Order

Reynor Zerg - Winner!

Build Orders: Hatch First, Zergling Baneling 

Get SALT Encoding   

  12  0:00  Drone  
  13  0:12  Overlord  
  13  0:18  Drone  
  14  0:30  Drone x2  
  16  0:49  Hatchery  
  15  0:53  Drone  
  15  0:56  Drone  
  17  0:59  Drone  
  18  1:10  Extractor  
  17  1:16  Spawning Pool  
  17  1:18  Drone  
  17  1:22  Drone  
  18  1:28  Drone  
  19  1:38  Drone  
  20  1:49  Overlord  
  20  2:03  Queen x2, Zergling x4  
  26  2:10  Drone  
  26  2:12  Metabolic Boost  
  27  2:16  Drone  
  27  2:21  Drone  
  29  2:23  Drone  
  30  2:41  Hatchery  
  29  2:45  Drone x2  
  29  2:48  Drone  
  32  2:53  Pneumatized Carapace  
  32  3:00  Overlord  
  32  3:01  Drone  
  32  3:04  Drone  
  35  3:05  Drone  
  35  3:11  Drone  
  36  3:17  Queen  
  36  3:18  Zergling x2  
  36  3:19  Drone  
  40  3:21  Drone  
  40  3:25  Overlord  
  41  3:28  Drone  
  41  3:29  Drone  
  41  3:31  Drone  
  44  3:39  Overlord  
  44  3:43  Queen  
  44  3:44  Drone x2  
  48  3:49  Drone  
  48  3:51  Baneling Nest  
  48  3:55  Queen  
  50  3:59  Drone x2  
  52  4:04  Queen  
  52  4:08  Overlord  
  54  4:10  Drone x2  
  54  4:13  Drone  
  54  4:16  Drone x2  
  59  4:18  Overlord  
  59  4:23  Queen  
  61  4:33  Spine Crawler, Drone x2  
  61  4:34  Zergling x4  
  61  4:35  Zergling x4  
  61  4:38  Zergling x4  
  68  4:41  Zergling x4  
  68  4:44  Queen  
  72  4:46  Baneling x2  
  72  4:47  Baneling x2  
  72  4:50  Baneling x2  
  72  4:52  Zergling x4  
  74  4:56  Zergling x8  
  74  4:59  Baneling x4  
  78  5:06  Zergling x4  
  78  5:07  Zergling x4  
  82  5:10  Overlord  
  82  5:12  Baneling x2  
  82  5:15  Overlord  
  82  5:25  Overlord  
  82  5:28  Queen  
  82  5:30  Queen, Baneling x2  
  82  5:31  Queen, Zergling x2  
  82  5:32  Zergling x2  
  90  5:37  Zergling x8  
  90  5:39  Spine Crawler  
  93  5:43  Overlord  
  93  5:44  Zergling x2  
  93  5:45  Zergling x4  
  97  5:50  Zergling x8  
  97  5:53  Baneling x2  
  97  5:54  Zergling x4  
  90  6:04  Zergling x2  
  90  6:05  Zergling x10  
  90  6:10  Zergling x4  
  88  6:13  Queen x2  
  87  6:21  Baneling x3  
  87  6:22  Zergling x6  
  90  6:28  Zergling x8  
  90  6:29  Drone  
  95  6:34  Extractor  
  95  6:36  Extractor  
  93  6:42  Baneling  
  92  6:47  Zergling x10  
  92  6:51  Baneling  
  92  6:53  Zergling x12  
  107  6:56  Zergling x2  
Tags
 
Add a new tag
Caveats
  • Supply blocks, unpowered buildings, or Contaminate may cause inaccurate times.
  • Supply counts are checked every 10 seconds.